[Event "Romanian Team Blitz Open 2022"]
[Site "Sebes"]
[Date "2022.12.04"]
[Round "1.9"]
[White "Zaim, Marian"]
[Black "Anton, Teodor"]
[Result "0-1"]
[ECO "A30"]
[WhiteElo "1935"]
[BlackElo "2438"]
[Annotator "TA"]
[PlyCount "72"]
[EventDate "2022.12.04"]
[EventType "blitz"]
[EventCountry "ROU"]
[SourceTitle "playchess.com"]
[Source "ChessBase"]
[SourceQuality "1"]
[TimeControl "180+2"]

1. Nf3 c5 2. c4 Nf6 3. g3 b6 4. Bg2 Bb7 5. O-O e6 6. d4 cxd4 7. Nxd4 Bxg2 8. Kxg2 Qc7 9. b3 {[%emt 0:00:07] A30: Symmetrical English: Double Fianchetto and Hedgehog.} Qb7+ 10. f3 a6 11. Nc3 {[%emt 0:00:02] White is slightly better.} Be7 {[%emt 0:00:01] [#]} 12. Be3 $146 ({Predecessor:} 12. e4 d6 13. Be3 O-O 14. Qe2 Nc6 15. Nxc6 Qxc6 16. Bd4 Nd7 17. Rfd1 Rfe8 18. Rac1 {0-1 (66) Bocharov,D (2540)-Schekachikhin,M (2402) Moscow 2019}) 12... O-O 13. Qd2 d6 14. Bf2 Nbd7 (14... Ng4 {seems wilder.} 15. Bg1 Nd7 16. e4 Nge5) 15. e4 (15. Rad1 {looks sharper.} Ng4 16. Bg1 Nge5 17. e4) 15... Rfe8 16. Rfd1 Rac8 17. Rac1 Bf8 18. Qe2 g6 19. Qd2 Ne5 20. Rc2 Rcd8 21. Qc1 Bg7 ({Better is} 21... d5 $1 $11 22. cxd5 exd5 23. exd5 Nxd5) 22. Be3 $14 Qa8 23. Rcd2 $2 (23. Bg5 $14 {keeps the upper hand.}) 23... d5 $1 $17 24. Bf4 {[%emt 0:00:20] [#]} Ned7 {[%emt 0:00:15] [#]} (24... Nxf3 $1 $17 {[%mdl 512] and life is bright.} 25. Nxf3 (25. Kxf3 $2 {loses.} dxe4+ 26. Ke2 Ng4 $19) 25... dxe4 26. Nxe4 (26. Rxd8 $2 exf3+ 27. Kf1 Rxd8 $19) 26... Nxe4 27. Rxd8 Rxd8) 25. cxd5 $2 (25. e5 $1 $16 {[%cal Re5f6] is necessary to keep the advantage.}) 25... e5 26. Nc6 exf4 27. Nxd8 Qxd8 28. Ne2 (28. Rc2 $1 $15) 28... fxg3 $19 29. hxg3 {[%emt 0:00:01] [#]} Nh5 $2 ({Black should play} 29... Bh6 $1 $19 30. Qb2 (30. Nf4 $2 Bxf4 31. gxf4 Nh5 $19) 30... Bxd2 31. Qxd2 Ne5) 30. Rc2 $1 $11 Bf8 31. Nd4 (31. d6 $11 {was the only way to keep the balance.}) 31... Bc5 32. Nc6 Qf6 {[%emt 0:00:02] Hoping for ...Bd6. The board is on fire.} 33. a3 $2 (33. Re2 $17 {nothing else works.}) 33... Bd6 $19 {[%emt 0:00:02] Black is clearly winning.} ({Not} 33... Ne5 $2 34. Rf1 $19) 34. f4 (34. Rh1 $142 Nxg3 35. Rh3) 34... Rxe4 {[%emt 0:00:02][%cal Rd6f4] ...Bxf4! is the strong threat.} 35. Qd2 {[%emt 0:00:10] [#]} Bxf4 $1 36. Qd3 (36. gxf4 Nxf4+) 36... Re3 {[%emt 0:00:11] Weighted Error Value: White=1.06/Black=0.28 (precise)} 0-1

[Event "Romanian Team Blitz Open 2022"]
[Site "Sebes"]
[Date "2022.12.04"]
[Round "1.10"]
[White "David, Alexandru-Vasile"]
[Black "Tinta, Gheorghe"]
[Result "1-0"]
[ECO "B38"]
[WhiteElo "2404"]
[BlackElo "1855"]
[Annotator "TA"]
[PlyCount "91"]
[EventDate "2022.12.04"]
[EventType "blitz"]
[EventCountry "ROU"]
[SourceTitle "playchess.com"]
[Source "ChessBase"]
[SourceQuality "1"]
[TimeControl "180+2"]

1. d4 g6 2. c4 Bg7 3. e4 d6 4. Nc3 Nf6 5. Nf3 O-O 6. Be2 c5 7. O-O cxd4 8. Nxd4 Nc6 9. Be3 a6 10. f3 Bd7 11. a4 {[%emt 0:00:00] B38: Sicilian: Maroczy Bind with 5...Bg7 and 7...0-0.} Rb8 12. Rc1 Qa5 13. b3 {[%emt 0:00:00] White is slightly better.} Ne5 (13... e5 $11 14. Nxc6 bxc6) 14. Qd2 {[%emt 0:00:00] [#]} (14. Nd5 {seems wilder.} e6 15. Nxf6+ Bxf6 16. Nc2) 14... Rfc8 $146 ({Predecessor:} 14... Kh8 15. Kh1 Ng8 16. f4 Ng4 17. Bxg4 Bxg4 18. f5 e5 19. Nde2 gxf5 20. exf5 Bxe2 21. Qxe2 {1-0 (63) Tuay,J-Casas,J (1889) San Andres Islas 2008}) 15. Rfd1 Nc6 16. Nc2 (16. Rb1 $16) 16... Ne8 {[%emt 0:00:00] [#]} (16... Be6 $11 {keeps the balance.}) 17. Nd5 ({Better is} 17. b4 $1 $16 Bxc3 18. Qxc3 (18. bxa5 Bxd2 19. Bxd2 Ne5 $11)) 17... Qxd2 $14 18. Bxd2 e6 (18... f5 $14) 19. Nb6 $16 Rd8 20. Bg5 f6 21. Bf4 {[%emt 0:00:00] White has more active pieces.} e5 {[%emt 0:00:00] Prevents c5.} 22. Nxd7 Rxd7 23. Be3 f5 24. Bd3 (24. exf5 $16 gxf5 25. Rd2) 24... f4 (24... fxe4 $14 25. fxe4 (25. Bxe4 Nf6 $14) 25... Nf6) 25. Bf2 Nf6 26. Be2 Rbd8 27. Rd2 a5 (27... Bf8 $16) 28. Rcd1 $18 Nb4 $2 (28... Bf8 {keeps fighting.} 29. Bb6 Be7) 29. Nxb4 ({Not} 29. Bb6 Na6 30. Bxd8 Rxd8 31. Rxd6 Rxd6 $18) 29... axb4 30. Bb6 Rc8 31. Ba5 ({Weaker is} 31. Rxd6 Rxd6 32. Rxd6 Kf7 $18) (31. c5 $142) 31... g5 (31... Bf8 $142 32. Bxb4 Rc6) 32. Bxb4 h5 (32... Bf8 {was necessary.} 33. Bxd6 Rcd8) 33. Bxd6 ({But not} 33. Rxd6 Rxd6 34. Bxd6 Rd8 35. Bxe5 Rxd1+ 36. Bxd1 Ne8 $18) 33... Rcd8 34. Bb4 Rxd2 35. Rxd2 Rxd2 36. Bxd2 {[%emt 0:00:00][%mdl 4096] Endgame KBB-KBN} Bf8 37. b4 Nd7 38. c5 Nb8 39. Bc4+ Kg7 40. Bd5 b6 41. cxb6 Kf6 42. Kf1 Na6 43. b5 Nc5 44. a5 {[%emt 0:00:00][%cal Ba4a5,Ba5a6,Ba6a7][%mdl 32] [#] White wants to mate with a6.} Bd6 45. a6 g4 46. a7 {[%emt 0:00:00] Weighted Error Value: White=0.30/Black=0.51} 1-0

[Event "Romanian Team Blitz Open 2022"]
[Site "Sebes"]
[Date "2022.12.04"]
[Round "1.11"]
[White "Dumitrascu, Daniel"]
[Black "Ghimpu, Samuel-Timotei"]
[Result "0-1"]
[ECO "B06"]
[WhiteElo "1694"]
[BlackElo "2455"]
[Annotator "TA"]
[PlyCount "74"]
[EventDate "2022.12.04"]
[EventType "blitz"]
[EventCountry "ROU"]
[SourceTitle "playchess.com"]
[Source "ChessBase"]
[SourceQuality "1"]
[TimeControl "180+2"]

1. e4 g6 2. d4 Bg7 3. Nf3 d6 4. Bg5 h6 5. Bf4 a6 (5... c5 $5) 6. Nc3 {[%emt 0:00:01] B06: Modern Defence.} b5 {[%emt 0:00:03] [#]} 7. a3 $146 ({Predecessor:} 7. Bd3 Nd7 8. Qd2 c5 9. dxc5 Nxc5 10. O-O-O Bb7 11. Rhe1 b4 12. Nd5 Bxd5 13. exd5 {0-1 (40) Gupta,S (2365)-Chernomordik,P (2203) Chess.com INT 2019}) 7... Bb7 8. Bd3 {[%emt 0:00:26] White has an edge.} Nd7 9. O-O c5 10. d5 Ngf6 11. Re1 c4 {[%emt 0:00:11] Prevents h3.} (11... O-O $142) 12. Bf1 $11 O-O 13. h4 (13. Nd4 $11) 13... Nc5 $15 14. Qd2 Kh7 15. Rad1 Re8 (15... e6 $15) 16. e5 $11 Ng4 17. exd6 (17. h5 {feels hotter.} gxh5 18. b3 e6 19. exd6 exd5 20. Nxd5 Ne4 21. Rxe4 Rxe4 22. g3) 17... exd6 18. Rxe8 Qxe8 19. Bxd6 Ne4 20. Nxe4 Qxe4 21. Bg3 Rd8 22. d6 Bxb2 23. Re1 Qf5 24. Nd4 Qf6 (24... Qd5 $11 {remains equal.} 25. Qa5 Rd7) 25. c3 $16 Bxa3 26. Be2 Ne5 27. Bxe5 {[%emt 0:00:07][%mdl 64] [#] Remove Defender} Qxe5 28. Bf3 Qxd6 {[%emt 0:00:00] Hoping for ...Bxf3.} 29. Bxb7 b4 {[%emt 0:00:00] Against h5} (29... Bc5 $16) 30. Bxa6 $2 Qxa6 (30... bxc3 $1 $15 31. Qxc3 Qxa6) 31. cxb4 $2 {[%emt 0:00:02] [#] This costs White the game.} (31. Qf4 $11 {and White is okay.} Qb7 32. Qf6) 31... Qf6 32. Qa2 $2 (32. Qc3) 32... Bxb4 $19 33. Rd1 Rxd4 34. Rb1 c3 {[%emt 0:00:00] Black mates.} 35. Rf1 Rd2 36. Qc4 Bd6 37. Qc8 Qxh4 {[%emt 0:00:08] Weighted Error Value: White=0.74/Black=0.17 (very precise)} 0-1

[Event "Romanian Team Blitz Open 2022"]
[Site "Sebes"]
[Date "2022.12.04"]
[Round "1.12"]
[White "Talu, Mircea"]
[Black "Carac, Radu-Ionut"]
[Result "1-0"]
[ECO "A13"]
[WhiteElo "2327"]
[BlackElo "1569"]
[Annotator "TA"]
[PlyCount "43"]
[EventDate "2022.12.04"]
[EventType "blitz"]
[EventCountry "ROU"]
[SourceTitle "playchess.com"]
[Source "ChessBase"]
[SourceQuality "1"]
[TimeControl "180+2"]

1. Nf3 d5 2. b3 Nf6 3. Bb2 e6 4. e3 c5 5. c4 Nc6 6. cxd5 exd5 7. Bb5 a6 {[%emt 0:00:14] A13: English Opening: 1...e6.} 8. Bxc6+ bxc6 9. O-O Be7 (9... Bd6 $11) 10. h3 (10. Nc3 $16) 10... O-O 11. Nc3 Bf5 {[%emt 0:00:05] [#]} 12. Rc1 $146 ({Predecessor:} 12. d4 Ne4 13. Nxe4 dxe4 14. Ne5 Rc8 15. dxc5 Bxc5 16. Rc1 Qd5 17. Qh5 Bg6 18. Qe2 {1-0 (61) Klekowski,M (2510)-Pacan Milej,K (2401) Bydgoszcz 2021}) 12... Bd3 13. Re1 Rc8 (13... Nd7 $11 {keeps the balance.}) 14. Ne5 $16 Bf5 15. Na4 {[%emt 0:00:03] White is more active.} Qa5 (15... Re8 $142) 16. d4 Ne4 17. f3 {[%emt 0:00:27] Prevents f6.} Nd6 {[%emt 0:00:25] [#]} (17... Ng5) 18. Rxc5 $18 Nb5 19. Nxc6 ({Not} 19. Rxc6 f6 $16) 19... Qc7 20. Nxe7+ ({Don't take} 20. Rxd5 Qxc6 21. Rxf5 Qc2 $18) 20... Qxe7 21. Rxd5 Rc2 $2 {[%emt 0:00:12] [#]} (21... Be6 22. Rc5 Qh4) 22. Rxf5 {[%emt 0:00:08] Weighted Error Value: White=0.08 (flawless) /Black=0.44} 1-0

[Event "Romanian Team Blitz Open 2022"]
[Site "Sebes"]
[Date "2022.12.04"]
[Round "1.13"]
[White "Filip, Lucian-Ioan"]
[Black "Saioc, David"]
[Result "1-0"]
[ECO "A50"]
[WhiteElo "2370"]
[BlackElo "2026"]
[Annotator "TA"]
[PlyCount "88"]
[EventDate "2022.12.04"]
[EventType "blitz"]
[EventCountry "ROU"]
[SourceTitle "playchess.com"]
[Source "ChessBase"]
[SourceQuality "1"]
[TimeControl "180+2"]

1. Nf3 Nf6 2. c4 b6 3. g3 Bb7 4. Bg2 g6 5. O-O Bg7 6. d4 O-O 7. d5 {[%emt 0:00:12] 7.Re1 is the recent fashion.} e6 {[%emt 0:00:00][%cal Re6d5] A50: Queen's Fianchetto Defence (1 d4 Nf6 2 c4 b6).} 8. Nc3 exd5 9. cxd5 Re8 {[%emt 0:00:00] White is slightly better.} 10. Nd4 d6 11. b3 {[%emt 0:00:17] [#]} Qd7 $146 ({Predecessor:} 11... a5 12. Bb2 Na6 13. a3 Qe7 14. Rc1 h5 15. e3 Ng4 16. Kh1 Ne5 17. Nc6 Qd7 18. Nxe5 Bxe5 {0-1 (24) Czakon,J (2510)-Matnadze,A (2411) Barbera del Valles 2008}) 12. Bb2 a6 (12... c6 $11) 13. Rc1 $14 Qd8 14. Re1 Nbd7 15. h3 Rc8 16. Qc2 Nb8 17. Qd2 c5 18. dxc6 Nxc6 19. Red1 (19. Nc2 $14) 19... Nxd4 $1 $11 20. Qxd4 {[%emt 0:00:03] [#]} (20. Bxb7 $11 {and White is okay.} Rxc3 21. Bxc3 (21. Qxd4 Ne4 $11) 21... Nxe2+ 22. Kg2 Nxc1 23. Qxc1) 20... Bxg2 $1 $19 21. Kxg2 Re6 ({Black should try} 21... Ne4 $1 $19 22. Qd3 Bxc3 23. Rxc3 Nxc3 24. Bxc3 Qe7) 22. Qd2 (22. Nd5 Rxc1 23. Rxc1 Qa8 $11) ({White should play} 22. Qd3 $14) 22... Ne4 (22... b5 $11) 23. Nxe4 $16 Rxe4 (23... Bxb2 $16 24. Rxc8 (24. Qxb2 Rxc1 25. Qxc1 Rxe4 $16) 24... Qxc8) 24. Bxg7 (24. Qxd6 $18 Re8 25. Qb4) 24... Kxg7 25. e3 (25. Qxd6 $2 {perishes.} Qxd6 26. Rxd6 Rxc1 $19) (25. Qb2+ $142 f6 26. Rxc8 Qxc8 27. Rxd6) 25... Rxc1 26. Qxc1 {[%emt 0:00:02][%mdl 4096] Endgame KQR-KQR} Re6 27. Kg1 Qf6 28. Qc6 Qb2 29. Qxb6 (29. Rxd6 $16 Rxd6 30. Qxd6) 29... Qxa2 (29... Rf6 $11 {remains equal.} 30. e4 (30. Rxd6 $2 {leads to mate.} Qxf2+ 31. Kh1 Qe1+ 32. Kh2 Rf2#) 30... Qxa2) 30. Rxd6 {[%emt 0:00:02] White is more active.} Rxd6 31. Qxd6 Qxb3 32. Qxa6 {[%emt 0:00:01] KQ-KQ} Qd1+ 33. Kg2 Qd5+ 34. Kg1 Qd1+ $1 35. Qf1 {[%emt 0:00:01] White is better.} Qf3 36. Qa1+ Kg8 37. Qd4 Qf5 38. Kg2 Qe6 39. g4 h6 40. Kg3 Kh7 41. Qf4 Qd5 42. Qf3 Qd6+ {[%emt 0:00:01] [#]} 43. Kg2 $1 Qe6 44. Qb7 Kg7 {[%emt 0:00:02] Black escapes into a draw.   Weighted Error Value: White=0.27 (precise) /Black=0.24 (precise)} 1-0

[Event "Romanian Team Blitz Open 2022"]
[Site "Sebes"]
[Date "2022.12.04"]
[Round "1.14"]
[White "Tariceanu, Victor"]
[Black "Secheres, Adrian-Simion"]
[Result "0-1"]
[ECO "C25"]
[WhiteElo "1720"]
[BlackElo "2365"]
[Annotator "TA"]
[PlyCount "70"]
[EventDate "2022.12.04"]
[EventType "blitz"]
[EventCountry "ROU"]
[SourceTitle "playchess.com"]
[Source "ChessBase"]
[SourceQuality "1"]
[TimeControl "180+2"]

1. e4 Nc6 2. Nc3 d6 3. g3 g6 4. Bg2 Bg7 5. Nge2 e5 6. d3 Nge7 7. Be3 {[%emt 0:00:03] C25: Vienna Game: Alternatives to 2...Nf6.} Be6 (7... Nd4 $142) 8. Qd2 {[%emt 0:00:02] [#]} d5 $146 ({Predecessor:} 8... h5 9. h4 Qd7 10. O-O-O O-O-O 11. a3 Kb8 12. Kb1 a6 13. Nd5 Nd4 14. Bxd4 exd4 {1-0 (62) Rasevic,S-Gardi,G (1958) Arolo di Leggiuno 2014}) 9. Bg5 {[%emt 0:00:33] The position is equal.} f6 10. exd5 $1 Nxd5 11. Be3 Qd7 12. O-O-O Nxe3 13. Qxe3 O-O (13... Nd4 $1 $11 {remains equal.}) 14. Kb1 (14. d4 $16 Bf7 15. dxe5) 14... Nd4 $11 15. a3 ({White should play} 15. h4 $11) 15... c6 ({Black should try} 15... c5 $15) 16. Ne4 b6 $36 {[%emt 0:00:13][%mdl 2048] Inhibits Nc5. Black is more active.} 17. Nxd4 (17. h4 {looks sharper.} h5 18. Nxd4 exd4 19. Qf4) 17... exd4 18. Qe2 (18. Qf4 $11) 18... Kh8 19. Rhe1 Rae8 {[%emt 0:00:02] [#] aiming for ...Qd5.} 20. Qd2 Qd5 {[%emt 0:00:03] ( -> ...Qa2+)} 21. b3 Qd7 22. f4 (22. Qf4 $11 {is superior.}) 22... a5 $17 23. a4 Bd5 24. Qf2 c5 ({Better is} 24... Bg8 $17) 25. Nd2 $11 {[%emt 0:00:10] And now Bxd5 would win.} Bf7 26. Nc4 b5 (26... Bxc4 $11 27. dxc4 f5) 27. Nxa5 {[%emt 0:00:11] [#]} (27. axb5 $16 {Threatens to win with Bc6.} Rxe1 28. Rxe1) 27... Rxe1 (27... Ra8 $1 $15 28. Qd2 (28. Bxa8 Rxa8 29. Qd2 Bf8 $15) 28... Qc7 29. Bxa8 Rxa8) 28. Rxe1 (28. Qxe1 $14 {was forced to keep a grip.} bxa4 29. Bc6) 28... bxa4 $17 29. bxa4 {[%emt 0:00:05][%mdl 8192] Now White is beyond hope.} (29. Qd2 $17) 29... Qxa4 $19 30. Nc6 Qa3 {[%emt 0:00:12] Black mates.} 31. c3 dxc3 32. Qc2 Ra8 33. Na5 Rb8+ 34. Nb7 Qb4+ 35. Kc1 Bb3 {[%emt 0:00:45] Weighted Error Value: White=0.65/Black=0.24 (precise)} 0-1

[Event "Romanian Team Blitz Open 2022"]
[Site "Sebes"]
[Date "2022.12.04"]
[Round "1.15"]
[White "Nastore, Pavel-Alexandru"]
[Black "Popescu, Alexandru-Mihai"]
[Result "1-0"]
[ECO "E90"]
[WhiteElo "2218"]
[BlackElo "1634"]
[Annotator "TA"]
[PlyCount "81"]
[EventDate "2022.12.04"]
[EventType "blitz"]
[EventCountry "ROU"]
[SourceTitle "playchess.com"]
[Source "ChessBase"]
[SourceQuality "1"]
[TimeControl "180+2"]

1. d4 Nf6 2. Nf3 c5 3. d5 d6 4. c4 g6 5. Nc3 Bg7 6. h3 O-O 7. e4 Nfd7 {[%emt 0:00:02] E90: King's Indian: Classical: Early deviations and 6 h3.} (7... e6 $11) 8. Bd3 Ne5 9. Nxe5 Bxe5 {[%emt 0:00:02] White is better.} 10. O-O Nd7 11. Be3 Bg7 12. f4 Nb6 {[%emt 0:00:02] [#]} 13. Qc2 $146 ({Predecessor:} 13. Qd2 Bh6 14. Rae1 e6 15. dxe6 fxe6 16. e5 dxe5 17. fxe5 Nxc4 18. Rxf8+ Bxf8 19. Bxc4 Qxd2 20. Bxd2 a6 21. a4 b6 22. Ne4 h6 23. Bc3 {1-0 (23) Rej,T (2067)-Reading,J (1363) Adelaide 2003}) 13... Bd7 14. a4 e6 15. a5 Nc8 16. Ra2 (16. f5 $16) 16... exd5 $14 17. cxd5 Re8 18. Qd2 Qe7 (18... f5 $11) 19. Bf2 a6 20. Re1 Na7 21. Na4 Bxa4 22. Rxa4 Qd7 {[%emt 0:00:02] [#]} (22... Nb5 $14) 23. Ra2 (23. Rc4 $1 $16) 23... Nb5 24. Rc1 Nd4 25. b4 $2 (25. Rc4 $14) 25... Nb3 $1 $19 26. Qc2 Nxc1 27. Qxc1 Rac8 (27... cxb4 $19 28. Qb1 Bc3) 28. bxc5 $15 dxc5 29. Rc2 {[%emt 0:00:02] [#] Against c4} (29. Qc4 $17 {was worth a try.}) 29... Bd4 (29... c4 $1 $19 30. Rxc4 Rxc4 31. Qxc4 Rc8) 30. Qd2 (30. Rc4 $17 {is a better defense.}) 30... Bxf2+ $19 31. Qxf2 Qe7 $2 ({Black should play} 31... c4 $19 32. Be2 Rxe4) 32. e5 $16 {[%emt 0:00:02][%mdl 1024] White has strong compensation.} Qc7 (32... c4 $16 33. d6 Qd7 34. Rxc4 (34. Bxc4 Qa4 $14) 34... Rxc4 35. Bxc4 Kh8) 33. d6 $18 Qd7 (33... Qxa5 $2 34. d7 Rf8 35. dxc8=N Rxc8 36. Qe3 $18) 34. Be2 {[%emt 0:00:02] White is much more active.} (34. Rxc5 Rxc5 35. Qxc5 Qa4 $11) (34. Bc4 $142) 34... f6 $2 (34... h5 $16 {is a better chance.}) 35. Bg4 ({Weaker is} 35. Rxc5 h5 36. Bc4+ (36. exf6 $2 Rxc5 37. Qxc5 Rxe2 $19) 36... Kg7 $18) 35... f5 36. Bf3 c4 37. Qd4 {Against c3} Kf8 $2 (37... h6 38. Bd5+ Kh7 39. Rxc4 g5) 38. Bd5 $2 (38. e6 Qg7 39. e7+ (39. Rxc4 Qxd4+ 40. Rxd4 Rxe6 $17) 39... Kg8 40. Qd5+ Qf7 41. Qe5) 38... Rcd8 $2 (38... Qb5 39. e6 (39. Bxc4 Qc5 $11) 39... Qc5 40. e7+ Rxe7 41. dxe7+ Kxe7 42. Rxc4 Qxd4+ 43. Rxd4 Rc5) 39. Rxc4 {[%emt 0:00:02] Threatening mate with e6.} Rc8 40. e6 Rxc4 41. Qh8# {[%emt 0:00:02] Weighted Error Value: White=0.54/Black=0.83} 1-0

[Event "Romanian Team Blitz Open 2022"]
[Site "Sebes"]
[Date "2022.12.04"]
[Round "1.16"]
[White "Calugareanu, Ioana-Denisa"]
[Black "Ciorgovean, Iustin"]
[Result "0-1"]
[ECO "E61"]
[WhiteElo "1396"]
[BlackElo "2319"]
[Annotator "TA"]
[PlyCount "117"]
[EventDate "2022.12.04"]
[EventType "blitz"]
[EventCountry "ROU"]
[SourceTitle "playchess.com"]
[Source "ChessBase"]
[SourceQuality "1"]
[TimeControl "180+2"]

1. d4 Nf6 2. c4 c5 3. e3 g6 4. Nf3 Bg7 5. Nc3 O-O 6. Be2 cxd4 7. exd4 d5 8. b3 Qa5 {[%emt 0:00:20] E61: King's Indian: Early deviations for White, including Smyslov System.} 9. Bd2 {[%emt 0:00:05] White wants to play Nxd5.} Qd8 10. O-O Nc6 {[%emt 0:00:02] [#] The position is equal.} 11. Be3 $146 ({Predecessor:} 11. Bc1 Bg4 12. Bb2 e6 13. c5 Ne4 14. h3 Bxf3 15. Bxf3 Bxd4 16. Bxe4 dxe4 17. Qe2 f5 18. Rad1 Qf6 19. Na4 e5 20. b4 {0-1 (40) Bue,G (1896)-Berstad,J (1876) Gausdal 2006}) 11... Bf5 12. Bd3 Bxd3 13. Qxd3 Rc8 14. Rac1 e6 15. Bf4 a6 16. a3 Re8 (16... Qa5 $142) 17. Rfe1 Na5 (17... Qa5 $5 ) 18. Ne2 Ne4 19. Ng3 Nxg3 (19... g5 $5 20. Be3 Nxg3 21. hxg3 h6 $11) 20. Bxg3 Qb6 21. Nd2 (21. Rb1 $11 {keeps the balance.}) 21... Qxd4 ({Much worse is} 21... Bxd4 $6 22. c5 Bxc5 23. b4 $11) 22. Qxd4 Bxd4 23. cxd5 exd5 (23... Rxc1 {simplifies} 24. Rxc1 exd5 25. Kf1 Nc6) 24. b4 (24. Rxe8+ $17 Rxe8 25. Kf1) 24... Rxe1+ 25. Rxe1 Bc3 (25... Nc4 $19 26. Nb3 Bc3) 26. Rc1 $17 Rc6 $1 27. bxa5 {[%emt 0:00:02] This costs White the game.} (27. Nf3 $17 Bb2 28. Rd1) 27... Bxd2 $19 {[%emt 0:00:02][%cal Rc6c1][%mdl 64] [#] Discovered Attack} 28. Rxc6 (28. Ra1) 28... bxc6 $17 {[%emt 0:00:00][%mdl 4096] Endgame KB-KB} 29. Bc7 Kf8 30. Bb6 Ke7 {[%emt 0:00:02] White must now prevent ...Kd6.} 31. Kf1 Kd6 32. Ke2 {[%emt 0:00:01] Inhibits c5.} Bc1 33. Kd1 (33. a4 $142 c5 34. Kd3) 33... Bxa3 $19 34. Kc2 Bc5 {[%emt 0:00:02] [#] ( -> ...Bxb6)} 35. Kd3 Bxb6 {[%emt 0:00:01] Black mates.} 36. axb6 {[%emt 0:00:00] KP-KP} c5 37. b7 Kc7 38. b8=Q+ Kxb8 39. Kc3 Kb7 40. f4 Kb6 41. g4 Kb5 42. h4 f5 43. gxf5 gxf5 44. h5 h6 45. Kd3 a5 46. Kc3 a4 47. Kd3 Kb4 48. Kc2 a3 49. Kc1 Kc3 50. Kb1 Kd3 51. Ka2 Ke4 52. Kxa3 Kxf4 53. Kb3 Kg5 54. Kc2 Kxh5 55. Kd3 Kg4 56. Ke3 Kg3 57. Ke2 h5 58. Kf1 h4 59. Kg1 {[%emt 0:00:00] Weighted Error Value: White=0.53/Black=0.12 (very precise)} 0-1

[Event "Romanian Team Blitz Open 2022"]
[Site "Sebes"]
[Date "2022.12.04"]
[Round "1.17"]
[White "Macarie, Maia-Elisabeta"]
[Black "Szabo, Gergely-Andras-Gyula"]
[Result "0-1"]
[ECO "D02"]
[WhiteElo "1100"]
[BlackElo "2514"]
[Annotator "TA"]
[PlyCount "47"]
[EventDate "2022.12.04"]
[EventType "blitz"]
[EventCountry "ROU"]
[SourceTitle "playchess.com"]
[Source "ChessBase"]
[SourceQuality "1"]
[TimeControl "180+2"]

1. d4 Nf6 2. Bf4 e6 3. Nf3 c5 4. c3 d5 5. e3 Bd6 6. Bg3 O-O 7. Nbd2 Qc7 8. Bd3 Nbd7 9. Qe2 {[%emt 0:00:05] D02: 1 d4 d5 2 Nf3 sidelines, including 2...Nf6 3 g3 and 2...Nf6 3 Bf4.} e5 10. e4 (10. dxe5 $11 Nxe5 11. Nxe5 Bxe5 12. Bxe5 Qxe5 13. Nf3) 10... dxe4 ({Better is} 10... cxd4 $15 11. cxd4 dxe4 12. Bxe4 exd4 13. Nxd4 Bxg3 14. hxg3 Qb6) 11. Nxe4 $11 {[%emt 0:00:04] The position is equal.} Nxe4 {[%emt 0:00:03] [#]} 12. Qxe4 $146 (12. dxe5 $1 $14 {is the one way to stay ahead.} Nxg3 13. hxg3) ({Predecessor:} 12. dxe5 Nxg3 13. hxg3 Re8 14. Bxh7+ Kf8 15. Bc2 Bxe5 16. Kf1 g6 17. Re1 Qd8 18. Nxe5 Nxe5 {1-0 (24) Liu,C (2107)-Sigeman,J (2146) Helsingor 2021}) 12... Nf6 $19 13. Qh4 {[%emt 0:00:12][%cal Rd4e5] [#]} exd4 (13... e4 $1 $19 {[%cal Re4f3] is more deadly.} 14. Bxe4 (14. Bxd6 $2 Qxd6 15. Bxe4 Re8 $19) 14... Re8) 14. cxd4 (14. Bxd6 $17 {might work better.} Qxd6 15. O-O) 14... Re8+ 15. Kf1 h6 16. Rc1 Bxg3 17. hxg3 Qa5 $40 {[%emt 0:00:08][%mdl 128] [#] White must now prevent ...Bg4. Black has strong attack.} (17... Qb6 {keeps more tension.} 18. b3 Qa5 19. Qf4 cxd4 20. Rxh6 gxh6 21. Qxf6 Qh5) 18. Bc4 $2 (18. dxc5 $2 {loses.} Bg4 19. Kg1 Qxa2 $19) (18. Qf4 $17) 18... Be6 ({Avoid the trap} 18... Re4 $2 19. Qh2) 19. dxc5 (19. Bxe6 {was called for.} Rxe6 20. Qf4) 19... Qxc5 {[%emt 0:00:07] Black is clearly winning.} 20. b3 b5 21. Nd2 bxc4 22. Nxc4 Rad8 (22... Ng4 $142 23. Qxg4 Bxg4) 23. Qf4 Bxc4+ 24. bxc4 {[%emt 0:00:10] Weighted Error Value: White=1.40/Black=0.89} 0-1